 Dungeon Crawl Stone Soup version 0.27-a0-538-g15ff5c5295 (webtiles) character file.

Game seed: 5314472960669254735

458 skittles the Distorting Demonspawn (level 6, -2/48 HPs)
             Began as a Demonspawn Abyssal Knight on Mar 6, 2021.
             Was a Believer of Lugonu.
             Killed by nerve-wracking pain
             ... invoked by an orc priest
              (11 damage)
             ... on level 3 of the Dungeon on Mar 7, 2021.
             The game lasted 00:09:06 (3843 turns).

skittles the Distorting Demonspawn (DsAK)           Turns: 3843, Time: 00:09:06

Health: -2/48      AC:  6    Str: 12    XL:     6   Next: 77%
Magic:  10/10      EV: 15    Int: 15    God:    Lugonu [**....]
Gold:   150        SH:  0    Dex: 15    Spells: 5/5 levels left

rFire    . . .     SeeInvis .   c - +3 dagger (speed)
rCold    . . .     Faith    .   (no shield)
rNeg     . . .     Spirit   .   m - +0 ring mail
rPois    +         Reflect  .   (helmet restricted)
rElec    .         Harm     .   f - +0 cloak
rCorr    .         Rampage  .   (no gloves)
Will     .....     Clarity  +   (no boots)
Stlth    +.........             (no amulet)
HPRegen  0.16/turn              (no ring)
MPRegen  0.12/turn              (no ring)

@: agile
A: horns 2, clarity, clever 1, poison resistance, powered by pain 1
a: Renounce Religion, Depart the Abyss, Bend Space


You were on level 3 of the Dungeon.
You worshipped Lugonu.
Lugonu was pleased with you.
You visited 1 branch of the dungeon, and saw 3 of its levels.
You visited the Abyss 1 time.

You collected 150 gold pieces.

Inventory:

Hand Weapons
 a - a +1 falchion
 c - a +3 dagger of speed (weapon)
 p - a +0 rapier
Missiles
 r - 17 poisoned darts (quivered)
Armour
 b - a +0 leather armour
 f - a +0 cloak (worn)
 h - a +1 robe of fire resistance
 m - a +0 ring mail (worn)
Wands
 j - a wand of flame (10)
 o - a wand of random effects (15)
Scrolls
 d - 2 scrolls of magic mapping {unknown}
 e - 3 scrolls of teleportation {unknown}
 g - 2 scrolls of blinking {unknown}
 i - 2 scrolls of amnesia {unknown}
 l - 9 scrolls of identify {unknown}
 n - a scroll of fog {unknown}
 q - a scroll of enchant weapon {unknown}
Potions
 s - a potion of degeneration {unknown}


   Skills:
 * Level 3.7 Fighting
 * Level 4.3 Long Blades
 - Level 3.3 Armour
 - Level 0.8 Dodging
 + Level 5.6 Invocations


You had 5 spell levels left.
You didn't know any spells.
Your spell library was empty.

Dungeon Overview and Level Annotations

Branches:
Dungeon (3/15)

Altars:
Nemelex Xobeh
Yredelemnul


Innate Abilities, Weirdness & Mutations

You have a pair of horns on your head.
You sometimes gain a little power by taking damage.
You possess an exceptional clarity of mind.
Your mind is acute. (Int +2)
Your system is resistant to poisons. (rPois)


Message History

The orc closely misses you.
You hit the orc but do no damage. Your headbutt misses the orc.
The orc is almost dead.
The orc closely misses you.
You hit the orc.
You kill the orc!
Lugonu accepts your kill.
You hit the orc. Your headbutt misses the orc.
The orc is almost dead.
The orc closely misses you. The orc hits you with a +0 flail.
You closely miss the orc. Your headbutt misses the orc.
The orc is almost dead.
You hit the orc.
You kill the orc!
Lugonu accepts your kill. The orc closely misses you.
You hit the orc but do no damage. You closely miss the orc.
The orc hits you with a +0 trident. The orc completely misses you.
You barely miss the orc.
The orc priest invokes the aid of Beogh against you.
Beogh smites you!
* * * LOW HITPOINT WARNING * * *
You focus on the pain.
You feel agile all of a sudden.
You barely miss the orc. You headbutt the orc.
The orc is moderately wounded.
The orc hits you but does no damage. The orc completely misses you.
You hit the orc.
The orc is heavily wounded.
The orc completely misses you. The orc closely misses you.
You hit the orc.
You kill the orc!
Lugonu accepts your kill.
It was a potion of mutation.
You feel extremely strange.
You feel clever.
You feel resistant to poisons.
Your thoughts seem clearer.
The orc misses you.
The orc priest calls down the wrath of Beogh upon you.
Pain shoots through your body!
You die...

..# #.# #.# ..#
#.# #.#
#.#######.#
#.#.....).#
#.#.......####...
#.'..............
#.#.......###....
#.#######)# #+
#.# #@# ..#.
........oo# .#.
..........# ..
.#.######..# #.
.... .... ..# #.
#...# #.# #.
#...# #.########.
#...# #.
#.##....).) #.
#.##.#####.


You could see an orc priest and an orc.

Vanquished Creatures
  Sigmund (D:3)
  Natasha (thrice) (D:2)
  2 orc wizards (D:3)
  6 gnolls
  2 adders (D:2)
  An ooze (D:2)
  An adder zombie (D:2)
  A worm (D:3)
  2 dart slugs
  2 leopard geckos (D:1)
  15 orcs (D:3)
  6 bats
  A bat zombie (D:2)
  2 giant cockroaches
  4 goblins
  8 hobgoblins
  8 frilled lizards
  8 kobolds
  7 rats
80 creatures vanquished.

Vanquished Creatures (others)
  2 plants (D:1)
2 creatures vanquished.

Grand Total: 82 creatures vanquished

Notes
Turn   | Place    | Note
-------+----------+-------------------------------------------
     0 | Abyss:1  | skittles the Demonspawn Abyssal Knight began the quest for
                  | the Orb.
     0 | Abyss:1  | Reached XP level 1. HP: 18/18 MP: 2/2
    66 | Abyss:1  | Found a corrupted altar of Lugonu.
   140 | Abyss:1  | Noticed a flying skull
   140 | Abyss:1  | Noticed a flying skull
   140 | Abyss:1  | Noticed a flying skull
   140 | D:1      | Escaped the Abyss
   342 | D:1      | Reached * piety under Lugonu
   366 | D:1      | Gained mutation: You have a pair of small horns on your
                  | head. [demonic ancestry]
   366 | D:1      | Reached XP level 2. HP: 22/24 MP: 4/4
   367 | D:1      | Reached skill level 3 in Invocations
  1453 | D:2      | Gained mutation: You sometimes gain a little power by
                  | taking damage. [demonic ancestry]
  1453 | D:2      | Reached XP level 3. HP: 29/29 MP: 5/5
  1733 | D:2      | Noticed Natasha
  1741 | D:2      | Killed Natasha
  1742 | D:2      | Reached skill level 4 in Invocations
  1742 | D:2      | Reached XP level 4. HP: 31/35 MP: 5/7
  2304 | D:2      | Reached ** piety under Lugonu
  2373 | D:2      | Noticed Natasha
  2387 | D:2      | Killed Natasha
  2388 | D:2      | Reached XP level 5. HP: 34/42 MP: 8/8
  2450 | D:2      | Found a sparkling altar of Nemelex Xobeh.
  2539 | D:2      | Noticed Natasha
  2557 | D:2      | Killed Natasha
  2854 | D:2      | Found a basalt altar of Yredelemnul.
  3198 | D:3      | Reached skill level 5 in Invocations
  3349 | D:3      | Noticed Sigmund
  3367 | D:3      | Killed Sigmund
  3368 | D:3      | Gained mutation: You have a pair of horns on your head.
                  | [demonic ancestry]
  3368 | D:3      | Reached XP level 6. HP: 26/48 MP: 8/10
  3843 | D:3      | Gained mutation: Your mind is acute. (Int +2) [potion of
                  | mutation]
  3843 | D:3      | Gained mutation: Your system is resistant to poisons.
                  | (rPois) [potion of mutation]
  3843 | D:3      | Gained mutation: You possess an exceptional clarity of
                  | mind. [potion of mutation]
  3843 | D:3      | Killed from afar by an orc priest

Illustrated notes

Levels and vault maps discovered:
D:1:      heliophobic_arrival_ceremonial_halls, layout_basic, serial_forest,
          infiniplex_forest_clump_long, infiniplex_forest_corner_1,
          infiniplex_forest_straight_2, infiniplex_forest_lined_room_2,
          infiniplex_forest_split, infiniplex_forest_straight_2,
          infiniplex_forest_end_2
D:2:      layout_loops_ring, lemuel_coloured_pillars_altar, serial_undead,
          serial_undead_e, serial_undead_e, serial_undead_b, serial_undead_e,
          nemelex_spade_bored_becter, uniq_natasha
D:3:      layout_basic, uniq_sigmund

Skill      XL: |  1  2  3  4  5 |
---------------+----------------+-----
Long Blades    | 2 3 4 |  4.3
Invocations    | 3 4 5 |  5.6
Armour         | 3 |  3.3
Fighting       | |  3.7
Dodging        | |  0.8

Action                   |  1- 3 |  4- 6 || total
-------------------------+-------+-------++-------
Melee: Dagger            |    89 |   178 ||   267
       Falchion          |     6 |       ||     6
       Headbutt          |    16 |    35 ||    51
Throw: Dart              |       |     1 ||     1
Invok: Depart the Abyss  |     1 |       ||     1
  Use: Potion            |       |     4 ||     4
Armor: Leather armour    |    13 |       ||    13
       Ring mail         |     3 |    41 ||    44
Dodge: Dodged            |    40 |    66 ||   106
       Rpst.: Falchion   |     1 |       ||     1

Table legend: (Time is in decaauts)
 A = Elapsed time spent in this place.
 B = Non-inter-level travel time spent in this place.
 C = Inter-level travel time spent in this place.
 D = Time resting spent in this place.
 E = Time spent auto-exploring this place.
 F = Levels seen in this place.
 G = Mean time per level.
                   A        B        C        D        E       F      G
               +--------+--------+--------+--------+--------+-----+--------+
         Total |   3720 |   3602 |    118 |    639 |   2331 |   4 |  930.0 |
       Dungeon |   3580 |   3462 |    118 |    639 |   2191 |   3 | 1193.3 |
         Abyss |    140 |    140 |      0 |      0 |    140 |   1 |  140.0 |
               +--------+--------+--------+--------+--------+-----+--------+

Top non-repeatable levels by time:
     D:2: 1552 daAuts
     D:1: 1271 daAuts
     D:3: 756 daAuts
 Abyss:1: 140 daAuts
